 Dungeon Crawl Stone Soup version 0.29.1-2-gbd0b4ee654 (webtiles) character file.

Game seed: 2554972682451349178

19 dembora the Vexing (level 2, 0/19 HPs)
             Began as a Vampire Enchanter on Nov 10, 2022.
             Was a Follower of Makhleb.
             Slain by a goblin
             ... wielding a +0 club
             ... led by Robin
              (4 damage)
             ... on level 2 of the Dungeon.
             The game lasted 00:04:14 (472 turns).

dembora the Vexing (Vampire Enchanter)               Turns: 472, Time: 00:04:14

Health: 0/19       AC:  2    Str:  7    XL:     2   Next: 55%
Magic:  5/5        EV: 12    Int: 17    God:    Makhleb [*.....]
Gold:   20         SH:  0    Dex: 14    Spells: 5/5 levels left

rFire   . . .      SeeInvis +   a - +1 dagger
rCold   . . .      Faith    .   (no shield)
rNeg    . . .      Spirit   .   b - +0 robe
rPois   .          Reflect  .   (no helmet)
rElec   .          Harm     .   (no cloak)
rCorr   .          Rampage  .   (no gloves)
Will    .....                   (no boots)
Stlth   +++.......              (no amulet)
HPRegen 0.26/turn               (no ring)
MPRegen 0.09/turn               (no ring)

@: lethally poisoned (0 -> -7), healing quickly
A: alive, fangs 3, see invisible, vampiric 1
a: Exsanguinate, Renounce Religion


You were on level 2 of the Dungeon.
You worshipped Makhleb.
Makhleb was aware of your devotion.
You visited 1 branch of the dungeon, and saw 2 of its levels.

You collected 20 gold pieces.

Inventory:

Hand Weapons
 a - a +1 dagger (weapon)
Armour
 b - a +0 robe (worn)
 d - a +0 helmet
Jewellery
 g - an amulet of reflection
Scrolls
 e - a scroll of identify {unknown}
 h - a scroll of enchant weapon {unknown}
 i - 2 scrolls of noise {unknown}
Potions
 c - 2 potions of invisibility
 f - a potion of curing {unknown}


   Skills:
 + Level 1.5 Short Blades
 + Level 2.4 Dodging
 + Level 4.8 Stealth
 + Level 2.0 Spellcasting
 + Level 4.8 Hexes


You had 5 spell levels left.
You didn't know any spells.
Your spell library contained the following spells:

 Spells                   Type           Power      Damage    Failure   Level
 Confusing Touch          Hex            18%        N/A       8%          3
 Tukima's Dance           Hex            18%        N/A       8%          3
 Ensorcelled Hibernation  Hex/Ice        20%        N/A       11%         2
 Dazzling Flash           Conj/Hex       20%        N/A       22%         3


Dungeon Overview and Level Annotations

Branches:
Dungeon (2/15)

Altars:
Makhleb
Ru

Shops:
D:1 ?

Annotations:
D:2 Robin


Innate Abilities, Weirdness & Mutations

Your natural rate of healing is accelerated.
You have razor-sharp teeth.
You have supernaturally acute eyesight. (SInv)
You are afflicted with vampirism.


Message History

Found 9 gold pieces.
The goblin attacks as you move away! The goblin hits you with a +0 club.
A hobgoblin comes into view.
The goblin barely misses you.
You closely miss the goblin. You hit the goblin. Your bite misses the goblin.
The goblin is moderately wounded.
The goblin barely misses you. x2
You hit the goblin but do no damage.
The goblin is moderately wounded.
The goblin hits you with a +0 club. The goblin closely misses you.
You hit the goblin.
The goblin is severely wounded.
The goblin barely misses you. x2
You barely miss the goblin.
The goblin is severely wounded.
The goblin hits you with a +0 club. The goblin barely misses you.
You hit the goblin.
You kill the goblin!
Makhleb accepts your kill. The goblin closely misses you.
The hobgoblin throws a poisoned dart.
The poisoned dart hits you.
You are poisoned.
You closely miss the goblin.
You feel sick. The goblin hits you but does no damage.
The hobgoblin throws a poisoned dart.
The poisoned dart hits you!
You are lethally poisoned!
You closely miss the goblin. You bite the goblin.
The goblin is severely wounded.
You feel sick. The goblin hits you with a +0 club.
The goblin barely misses you.
You miss the goblin.
The goblin is severely wounded.
* * * LOW HITPOINT WARNING * * *
You feel very sick.
The hobgoblin shouts!
You hear a shout! x2
The goblin barely misses you. The goblin hits you with a +0 club.
* * * LOW HITPOINT WARNING * * *
The goblin hits you with a +0 club.
You die...

.. #...# #.#####...
......... #....#..
#.#..... #. g.g#
.#......###.# ...#
.....#...g..###g..#
#...g@####..g..g+
#g###ggg##.##...#
#g#g........#
#........#
#.....#..<...+
$....#$##......#
.#...............?.
#.#.##.#######.....
#... #. .....#


You could see 2 hobgoblins and 6 goblins.

Vanquished Creatures
  2 dart slugs (D:1)
  A bat (D:1)
  2 endoplasms (D:1)
  3 goblins
  A hobgoblin (D:1)
  A ball python (D:1)
  2 frilled lizards (D:1)
  A kobold (D:1)
  3 rats (D:1)
16 creatures vanquished.

Notes
Turn   | Place    | Note
-------+----------+-------------------------------------------
     0 | D:1      | dembora the Vampire Enchanter began the quest for the Orb.
     0 | D:1      | Reached XP level 1. HP: 13/13 MP: 3/3
   132 | D:1      | Reached XP level 2. HP: 19/19 MP: 5/5
   296 | D:1      | Found a faded altar of an unknown god.
   313 | D:1      | Prayed at the altar of an unknown god.
   313 | D:1      | Became a worshipper of Makhleb the Destroyer
   313 | D:1      | Reached * piety under Makhleb
   400 | D:1      | Found Otummap's Magic Scroll Shop.
   449 | D:2      | Found a sacrificial altar of Ru.
   452 | D:2      | Noticed Robin
   472 | D:2      | Slain by a goblin

Illustrated notes

Levels and vault maps discovered:
D:1:      sevenhm_arrival_forest_fort_small_6, layout_basic, serial_shops,
          shop_scrolls, basic_ecumenical_altar
D:2:      layout_basic, basic_altar, minmay_fractal_squares_5, uniq_robin

Action                   || total
-------------------------++-------
Melee: Dagger            ||    62
       Punch             ||     1
       Bite              ||     7
 Stab: Sleeping          ||     2
Armor: Robe              ||    11
Dodge: Dodged            ||    44
